 Dungeon Crawl Stone Soup version 0.29-a0-330-g52719c12eb (webtiles) character file.

Game seed: 3475321967354366337

1505 tilp the Skirmisher (level 8, 0/70 HPs)
             Began as a Grey Draconian Hedge Wizard on May 19, 2022.
             Was an Initiate of Sif Muna.
             Killed from afar by an orc wizard (3 damage)
             ... with a magic dart
             ... on level 6 of the Dungeon.
             The game lasted 00:16:42 (5925 turns).

tilp the Skirmisher (Grey Draconian Hedge Wizard)   Turns: 5925, Time: 00:16:42

Health: 0/70       AC: 13    Str: 16    XL:     8   Next: 52%
Magic:  12/14      EV: 12    Int: 18    God:    Sif Muna [......]
Gold:   150        SH:  0    Dex: 10    Spells: 9/16 levels left

rFire   . . .      SeeInvis .   a - +5 falchion (elec)
rCold   . . .      Faith    .   (no shield)
rNeg    . . .      Spirit   .   (body armour unavailable)
rPois   .          Reflect  .   n - +2 hat
rElec   .          Harm     .   (no cloak)
rCorr   .          Rampage  .   (no gloves)
Will    +....                   (no boots)
Stlth   ++........              (no amulet)
HPRegen 0.21/turn               f - ring of Kenosenk {+Blink Will+ Str+4}
MPRegen 0.14/turn               w - +4 ring of slaying

@: on blink cooldown
A: AC +11, amphibious, unfitting armour, cold-blooded
a: Renounce Religion, Evoke Blink


You were on level 6 of the Dungeon.
You worshipped Sif Muna.
Sif Muna was noncommittal.
You visited 2 branches of the dungeon, and saw 7 of its levels.

You collected 254 gold pieces.
You spent 104 gold pieces at shops.

Inventory:

Hand Weapons
 a - a +5 falchion of electrocution (weapon)
 b - a +4 hand axe
 g - a +4 dagger of flaming
 s - a +2 dagger of holy wrath
 A - a +5 short sword
 B - a +1 dagger of venom
Missiles
 e - 190 stones
 o - a poisoned dart (quivered)
 p - 13 boomerangs
Armour
 n - a +2 hat (worn)
Jewellery
 f - the ring of Kenosenk (left hand) {+Blink Will+ Str+4}
   (You acquired it on level 2 of the Dungeon)

   [ring of willpower]

   Str:       It affects your strength (+4).
   +Blink:    It lets you blink.
   Will:      It increases your willpower.
 w - a +4 ring of slaying (right hand)
Wands
 h - a wand of paralysis (9)
 y - a wand of charming (2)
Scrolls
 j - a scroll of immolation
 k - a scroll of amnesia {unknown}
 l - 2 scrolls of teleportation
 q - a scroll of vulnerability
 r - a scroll of magic mapping {unknown}
 t - 2 scrolls of fog {unknown}
 v - a scroll of noise {unknown}
 x - a scroll of enchant armour
Potions
 c - a potion of magic
 d - 5 potions of heal wounds
 i - a potion of brilliance
 m - 3 potions of curing
 z - a potion of attraction {unknown}


   Skills:
 * Level 5.9 Fighting
 - Level 2.0 Throwing
 - Level 2.0 Dodging
 - Level 2.0 Stealth
 * Level 4.6 Spellcasting
 * Level 5.6 Conjurations
 - Level 2.0 Hexes
 - Level 1.0 Summonings
 - Level 4.0 Translocations
 - Level 2.0 Poison Magic


You had 9 spell levels left.
You knew the following spells:

 Your Spells              Type           Power      Damage    Failure   Level
a - Magic Dart            Conj           96%        1d7       1%          1
b - Slow                  Hex            44%        N/A       6%          1
c - Blink                 Tloc           36%        N/A       4%          2
d - Mephitic Cloud        Conj/Pois/Air  13%        N/A       14%         3

Your spell library contained the following spells:

 Spells                   Type           Power      Damage    Failure   Level
 Conjure Flame            Conj/Fire      14%        6-21      13%         3
 Call Imp                 Summ           7%         N/A       14%         2


Dungeon Overview and Level Annotations

Branches:
Dungeon (6/15)             Temple (1/1) D:6

Altars:
Ashenzari
Cheibriados
Dithmenos
Elyvilon
Fedhas
Gozag
Hepliaklqana
Kikubaaqudgha
Makhleb
Okawaru
Qazlal
Ru
Sif Muna
Trog
Uskayaw
Vehumet
Wu Jian
Xom
Yredelemnul
Zin
The Shining One

Shops:
D:3 ::(!

Annotations:
D:4 Edmund
D:6 3 runed translucent doors


Innate Abilities, Weirdness & Mutations

Your dull iron-grey scales are very hard. (AC +11)
You are amphibious.
You cannot fit into any form of body armour.
You are cold-blooded and may be slowed by cold attacks.


Message History

You slash something!
The orc priest hits you but does no damage.
You hear some strange, mumbled words.
A magic dart appears from out of thin air!
The magic dart hits you but does no damage.
Unknown command.
You barely miss something.
The orc priest hits you but does no damage.
Something completely misses you.
The orc priest hits you but does no damage.
Something hits you.
Unknown command.
You closely miss something. You tail-slap something.
You feel less confused.
The angel stares off into space for a moment.
Something hits you but does no damage.
The orc priest calls down the wrath of Beogh upon you.
Beogh smites you!
* * * LOW HITPOINT WARNING * * *
The orc priest attacks as you move away!
The orc priest hits you but does no damage.
The orc priest invokes the aid of Beogh against you.
Beogh smites you!
* * * LOW HITPOINT WARNING * * *
Something hits you.
* * * LOW HITPOINT WARNING * * *
Okay, then.
Casting: Mephitic Cloud (dangerous; 14% risk of failure)
Confirm with . or Enter, or press ? or * to list all spells.
You blink.
The angel stares off into space for a moment.
The orc priest invokes the aid of Beogh against you.
Beogh smites you!
* * * LOW HITPOINT WARNING * * *
The angel lectures its feet at length about Zin's Axioms of Law.
The orc priest calls upon Beogh to heal the orc wizard.
The orc wizard is healed somewhat.
The orc wizard gestures at you while chanting.
The magic dart hits you.
You die...

..#......... #..............
## .# ........##. ... .# ..#
........# ..###.##...#
........# #......#...#
........######...........
.....###..............._.
.....# #.............#####....
.....###........@....#...#....
.............####....#...#....
.............# #....#A..#..#
.............# #....#####..#
#.)..........# #......_....#
#............####...o.z....#
#####..............ยง.oz##..
#......#####..####.)#.#
###...## ##.# ##.#.#


You could see an angel (confused), 2 wights, an orc priest and an orc wizard
(invisible).

Vanquished Creatures
  Grinder (D:5)
  Prince Ribbit (D:5)
  Eustachio (D:5)
  Blork the orc (D:4)
  A scorpion (D:6)
  A wight (D:6)
  A water moccasin skeleton (D:5)
  A howler monkey (D:5)
  A bullfrog zombie (D:5)
  A hound (D:6)
  4 orc priests
  A centaur skeleton (D:5)
  An iguana (D:5)
  Ijyb (D:4)
  7 orc wizards
  2 hound zombies (D:5)
  A howler monkey zombie (D:5)
  8 adders
  An ufetubus (D:3)
  An adder zombie (D:5)
  An adder skeleton (D:5)
  3 worms (D:2)
  4 dart slugs
  29 orcs
  7 endoplasms
  A giant cockroach (D:1)
  11 goblins
  8 hobgoblins
  4 jackals (D:3)
  10 quokkas
  10 ball pythons
  5 bats
  3 frilled lizards (D:1)
  10 kobolds
  12 rats
  A spectral goblin (D:1)
156 creatures vanquished.

Vanquished Creatures (others)
  2 withered plants (D:5)
2 creatures vanquished.

Grand Total: 158 creatures vanquished

Notes
Turn   | Place    | Note
-------+----------+-------------------------------------------
     0 | D:1      | tilp the Draconian Hedge Wizard began the quest for the
                  | Orb.
     0 | D:1      | Reached XP level 1. HP: 14/14 MP: 4/4
   199 | D:1      | Reached XP level 2. HP: 8/22 MP: 0/6
   492 | D:1      | Learned a level 1 spell: Slow
   495 | D:1      | Learned a level 2 spell: Blink
   555 | D:1      | Reached skill level 1 in Fighting
   920 | D:1      | Found a faded altar of an unknown god.
   939 | D:1      | Reached XP level 3. HP: 28/28 MP: 7/7
   950 | D:1      | Reached skill level 1 in Throwing
  1575 | D:2      | Reached XP level 4. HP: 12/36 MP: 0/8
  2518 | D:2      | Identified a scroll of acquirement
  2518 | D:2      | Acquired the ring of Kenosenk {+Blink Will+ Str+4}
  2699 | D:3      | Found Peiguloz's Distillery.
  2722 | D:3      | Reached skill level 1 in Hexes
  2722 | D:3      | Reached XP level 5. HP: 15/42 MP: 9/9
  2916 | D:3      | Bought a potion of heal wounds for 65 gold pieces
  2916 | D:3      | Bought a potion of curing for 39 gold pieces
  3256 | D:3      | Found Odelat's Book Boutique.
  3576 | D:3      | Found Qureeg's Book Emporium.
  3707 | D:3      | Found Rizein's Weapon Shoppe.
  3762 | D:4      | Reached XP level 6. HP: 28/51 MP: 10/10
  4024 | D:4      | Identified the +0 ring mail of the Bedazzled Grue {Contam
                  | rElec rPois SInv}
  4289 | D:4      | Noticed Blork the orc
  4290 | D:4      | Noticed Ijyb
  4296 | D:4      | Killed Blork the orc
  4308 | D:4      | Killed Ijyb
  4512 | D:4      | Found a hazy altar of Hepliaklqana.
  4513 | D:4      | Found a white marble altar of Elyvilon.
  4514 | D:4      | Found a sacrificial altar of Ru.
  4514 | D:4      | Found a burning altar of Makhleb.
  4516 | D:4      | Found an ancient bone altar of Kikubaaqudgha.
  4516 | D:4      | Found a hide-covered altar of Uskayaw.
  4742 | D:4      | Your scales start taking on a dull iron-grey colour.
  4742 | D:4      | Reached XP level 7. HP: 49/58 MP: 11/11
  4885 | D:4      | Found a radiant altar of Vehumet.
  4885 | D:4      | Noticed Edmund
  4941 | D:5      | Entered Level 5 of the Dungeon
  4946 | D:5      | Learned a level 3 spell: Mephitic Cloud
  5033 | D:5      | Reached skill level 1 in Poison Magic
  5108 | D:5      | Noticed Eustachio
  5122 | D:5      | Killed Eustachio
  5166 | D:5      | Noticed Grinder
  5283 | D:5      | Noticed Prince Ribbit
  5291 | D:5      | Killed Prince Ribbit
  5292 | D:5      | Reached skill level 5 in Fighting
  5292 | D:5      | Reached XP level 8. HP: 62/68 MP: 7/14
  5389 | D:5      | Reached skill level 5 in Conjurations
  5442 | D:5      | Killed Grinder
  5694 | D:6      | Found a staircase to the Ecumenical Temple.
  5704 | Temple   | Entered the Ecumenical Temple
  5830 | Temple   | Became a worshipper of Sif Muna the Loreminder
  5883 | D:6      | Found a runed translucent gate.
  5884 | D:6      | Found a runed translucent gate.
  5885 | D:6      | Found a runed translucent gate.
  5889 | D:6      | Noticed an angel
  5890 | D:6      | Found a shimmering altar of Xom.
  5892 | D:6      | Found a glowing silver altar of Zin.
  5924 | D:6      | HP: 3/70 [orc priest/divine providence (9)]
  5925 | D:6      | Killed from afar by an orc wizard

Illustrated notes

Levels and vault maps discovered:
D:1:      mrwooster_arrival_statue_3, layout_rooms,
          dreamdust_ecumenical_altar_drowned_temple
D:2:      layout_loops_ring, st_stairs_11, minmay_rat_gold_closets
D:3:      layout_loops_ring, serial_shops, nicolae_shop_bloodbath_and_beyond,
          nicolae_shop_advertising_works [nicolae_subvault_shop_adworks], shop,
          shop
D:4:      layout_basic, grunt_temple_overflow_open, nicolae_vehumet_altar_sigil,
          mrwooster_statue_mirror, minmay_unequal, uniq_ijyb,
          uniq_blork_the_orc, uniq_edmund
D:5:      layout_rooms, serial_undead, serial_undead_c, serial_undead_c,
          serial_undead_a, serial_undead_d, uniq_grinder, uniq_eustachio,
          uniq_prince_ribbit1
D:6:      layout_basic, grunt_temple_overflow_order_and_chaos_1,
          minmay_temple_entry_sparse_star, ebering_ghost_gozag, uniq_duvessa
Temple:   minmay_temple_bridge_abc

Skill      XL: |  1  2  3  4  5  6  7  8 |
---------------+-------------------------+-----
Dodging        | 2 |  2.0
Stealth        | 2 |  2.0
Fighting       | 1 2 3 5 |  5.9
Throwing       | 2 |  2.0
Conjurations   | 2 3 4 5 |  5.6
Hexes          | 1 2 |  2.0
Translocations | 2 3 4 |  4.0
Poison Magic   | 1 2 |  2.0
Spellcasting   | 4 |  4.6
Summonings     | |  1.0

Action                   |  1- 3 |  4- 6 |  7- 9 || total
-------------------------+-------+-------+-------++-------
Melee: Dagger            |    11 |    71 |       ||    82
       Tailslap          |    10 |    21 |    18 ||    49
       Hand axe          |    15 |    35 |    61 ||   111
       Mace              |    46 |     6 |       ||    52
       Short sword       |       |    96 |       ||    96
       Falchion          |       |       |    33 ||    33
       Punch             |       |       |     3 ||     3
Throw: Stone             |     2 |     2 |     1 ||     5
       Dart              |     2 |     2 |     1 ||     5
 Cast: Magic Dart        |    57 |    38 |     3 ||    98
       Slow              |       |     4 |       ||     4
       Mephitic Cloud    |       |       |     2 ||     2
       Blink             |       |       |     1 ||     1
Evoke: Wand              |       |       |     1 ||     1
  Use: Scroll            |       |     9 |       ||     9
 Stab: Sleeping          |     2 |     9 |     1 ||    12
       Confused          |       |       |     1 ||     1
       Paralysed         |       |       |     4 ||     4
Armor: Skin              |    30 |    82 |    70 ||   182
Dodge: Dodged            |    65 |   139 |    56 ||   260

Table legend: (Time is in decaauts)
 A = Elapsed time spent in this place.
 B = Non-inter-level travel time spent in this place.
 C = Inter-level travel time spent in this place.
 D = Time resting spent in this place.
 E = Time spent auto-exploring this place.
 F = Levels seen in this place.
 G = Mean time per level.
                   A        B        C        D        E       F      G
               +--------+--------+--------+--------+--------+-----+--------+
         Total |   6003 |   5770 |    233 |   1063 |   3427 |   7 |  857.6 |
       Dungeon |   5856 |   5656 |    200 |   1063 |   3323 |   6 |  976.0 |
        Temple |    147 |    114 |     33 |      0 |    104 |   1 |  147.0 |
               +--------+--------+--------+--------+--------+-----+--------+

Top non-repeatable levels by time:
     D:2: 1423 daAuts
     D:3: 1329 daAuts
     D:1: 1161 daAuts
     D:4: 1131 daAuts
     D:5: 698 daAuts
  Temple: 147 daAuts
     D:6: 112 daAuts
